 Dungeon Crawl Stone Soup version 0.21-a0-110-g8e1637b (webtiles) character file.

65 Manul the Ducker (level 4, 0/27 HPs)
             Began as a Tengu Gladiator on July 10, 2017.
             Slain by a gnoll (7 damage)
             ... on level 3 of the Dungeon.
             The game lasted 00:01:19 (1793 turns).

Manul the Ducker (Tengu Gladiator)                  Turns: 1793, Time: 00:01:20

Health: 0/27       AC:  3    Str: 14    XL:     4   Next: 14%
Magic:  5/5        EV:  7    Int:  8    God:
Gold:   115        SH:  0    Dex: 17    Spells: 3/3 levels left

rFire    . . .     SeeInvis .   h - +0 short sword (elec)
rCold    . . .     Gourm    .   (no shield)
rNeg     . . .     Faith    .   b - +0 leather armour
rPois    .         Spirit   .   c - +0 hat
rElec    .         Reflect  .   (no cloak)
rCorr    .         Harm     .   (no gloves)
MR       .....                  (boots unavailable)
Stlth    +.........             (no amulet)
HPRegen  0.09/turn              (no ring)
MPRegen  0.09/turn              (no ring)

@: held
A: beak, talons 3
a: no special abilities


You were on level 3 of the Dungeon.
You were not hungry.

You visited 1 branch of the dungeon, and saw 3 of its levels.

You collected 115 gold pieces.

Inventory:

Hand Weapons
 a - a +0 long sword
 h - a +0 short sword of electrocution (weapon)
Missiles
 d - 3 throwing nets (quivered)
Armour
 b - a +0 leather armour (worn)
 c - a +0 hat (worn)
Wands
 m - a wand of disintegration (13/24)
Scrolls
 e - 2 scrolls of recharging {unknown}
 i - 3 scrolls of identify {unknown}
 j - a scroll of enchant armour {unknown}
 k - 2 scrolls of remove curse {unknown}
 q - 2 scrolls of fog {unknown}
 r - 2 scrolls of teleportation {unknown}
 t - a scroll of random uselessness {unknown}
 u - a scroll of immolation {unknown}
Potions
 g - 2 potions of curing {unknown}
 n - a potion of mutation {unknown}
 o - a potion of lignification {unknown}
Comestibles
 f - 4 bread rations
 l - 2 royal jellies
 p - 2 chunks of flesh
 s - 5 fruits
 v - a meat ration


   Skills:
 + Level 2.3 Fighting
 + Level 1.0(2.4) Short Blades
 - Level 3.4(3.5) Long Blades
 + Level 2.4 Throwing
 + Level 0.4 Armour
 + Level 4.2 Dodging
 + Level 0.4 Stealth


You had 3 spell levels left.
You didn't know any spells.

Dungeon Overview and Level Annotations

Branches:
Dungeon (3/15)

Altars:


Innate Abilities, Weirdness & Mutations

You have a beak for a mouth.
You have claws for feet.


Message History

The gnoll throws a throwing net.
The throwing net hits you.
You become entangled in the net!
You see here a throwing net.
You are held in a net!
You struggle against the net.
The gnoll hits you.
You struggle against the net.
The gnoll hits you with a whip. The gnoll hits you.
You rip the net and break free!
The gnoll barely misses you. x2
Sorry, you're not good enough to have a special ability.
The gnoll throws a throwing net.
The throwing net hits you.
You become entangled in the net!
You see here a throwing net.
You struggle against the net.
The gnoll barely misses you.
You struggle against the net.
The gnoll hits you but does no damage. The gnoll hits you with a whip.
Unknown command.
You struggle against the net.
The gnoll hits you with a flail!
* * * LOW HITPOINT WARNING * * *
The gnoll hits you!
You die...

... ..%... ...... ..... ..
.... #...# #.# #..[. #..%#
#.###.#.####
#...###...#......#
#....#.....##....###
#...g$......#......# #
#...g@......#.#.##.#
#...#g.......#....#.###
.......###...÷............
....... #.......#.......†)
......# #.......#.#...>...
.##.#. #.......#.#....#.#
.... ##.....##.#.#..... ##
#. ##...###.#.#....(
...... ........##


You could see 3 gnolls.

Vanquished Creatures
  2 adders
  A worm (D:2)
  A leopard gecko (D:2)
  A giant cockroach (D:1)
  6 goblins
  9 hobgoblins
  2 jackals (D:2)
  3 ball pythons
  2 bats
  3 frilled lizards
  5 kobolds
  8 rats
43 creatures vanquished.

Notes
Turn   | Place    | Note
-------+----------+-------------------------------------------
     0 | D:1      | Manul the Tengu Gladiator began the quest for the Orb.
     0 | D:1      | Reached XP level 1. HP: 12/12 MP: 2/2
   107 | D:1      | Reached XP level 2. HP: 17/17 MP: 3/3
   380 | D:1      | You fall through a shaft!
   400 | D:2      | Reached skill level 4 in Dodging
   967 | D:1      | Reached XP level 3. HP: 21/21 MP: 4/4
  1605 | D:3      | Reached skill level 1 in Short Blades
  1605 | D:3      | Reached XP level 4. HP: 26/27 MP: 5/5
  1793 | D:3      | Slain by a gnoll

Vault maps used:
D:1:      dpeg_arrival_pits, serial_park_tiny_1
D:2:      cheibrodos_helix_gallery, first_bread
D:3:      cheibrodos_old_hovel, st_stairs_13

Skill      XL: |  1  2  3 |
---------------+----------+-----
Dodging        | 4 |  4.2
Short Blades   | 1 |  1.0
Fighting       | |  2.3
Long Blades    | |  3.4
Throwing       | |  2.4
Armour         | |  0.4
Stealth        | |  0.4

Action                   |  1- 3 |  4- 6 || total
-------------------------+-------+-------++-------
Melee: Long sword        |     9 |       ||     9
       Kick              |    18 |       ||    18
       Short sword       |    62 |     2 ||    64
       Peck              |     5 |       ||     5
 Stab: Sleeping          |     1 |       ||     1
  Eat: Chunk             |     2 |     1 ||     3
Armor: Leather armour    |    11 |     2 ||    13
Dodge: Dodged            |    44 |     3 ||    47
       Rpst.: Long sword |     3 |       ||     3
